 Dungeon Crawl Stone Soup version 0.20.1-1-g8b1a95d66d (webtiles) character file.

87913 Gargoyl the Cleaver (level 15, -11/154 HPs)
             Began as a Centaur Abyssal Knight on Dec 6, 2017.
             Was the Champion of Lugonu.
             Mangled by an orc warrior
             ... wielding a +0 glaive
              (19 damage)
             ... on level 2 of the Orcish Mines.
             The game lasted 01:03:03 (35119 turns).

Gargoyl the Cleaver (Centaur Abyssal Knight)       Turns: 35119, Time: 01:03:05

Health: -11/154    AC: 24    Str: 16    XL:     15   Next: 45%
Magic:  24/24      EV:  1    Int: 11    God:    Lugonu [******]
Gold:   1968       SH: 12    Dex: 17    Spells: 14/14 levels left

rFire    + + .     SeeInvis .   x - +6 war axe of Embarrassment {chop, rC+ Dex+3}
rCold    + + .     Gourm    .   o - +1 buckler
rNeg     + . .     Faith    .   W - +1 crystal plate armour "Neefuit" {*Contam Regen+ Dex+2}
rPois    .         Spirit   .   (helmet restricted)
rElec    .         Reflect  +   O - scarf {rC+ rF+}
rCorr    .         Harm     .   H - +2 pair of gloves
MR       +....     Rnd*Rage +   (no barding)
Stlth    ..........             b - +5 amulet of reflection
Regen    0.8/turn               n - +2 ring of slaying
MPRegen  0.2/turn               V - ring of Intelotz {rF+ rN+}

@: about to teleport, slowed
A: antennae 1, beak, hooves 3, rugged brown scales 1, berserk 1, deformed body,
speed 2, robust 2, screaming 1, shaggy fur 1, tough skin 3, weak 1
a: Depart the Abyss, Bend Space, Banish, Corrupt, Enter the Abyss, Brand Weapon
With Distortion, Renounce Religion


You were on level 2 of the Orcish Mines.
You worshipped Lugonu.
Lugonu was exalted by your worship.
You were not hungry.

You visited 3 branches of the dungeon, and saw 23 of its levels.
You visited the Abyss 1 time.

You collected 2497 gold pieces.
You spent 529 gold pieces at shops.

Inventory:

Hand Weapons
 f - a +4 war axe
 w - a +6 war axe
 x - the +6 war axe of Embarrassment (weapon) {chop, rC+ Dex+3}
   (You found it on level 14 of the Dungeon)

   It inflicts extra damage upon your enemies.
   It affects your dexterity (+3).
   It protects you from cold.
 J - a +1 war axe of flaming
Missiles
 I - 2 javelins (quivered)
Armour
 h - a +2 helmet
 o - a +1 buckler (worn)
 H - a +2 pair of gloves (worn)
 O - a scarf of resistance (worn)
 W - the +1 crystal plate armour "Neefuit" (worn) {*Contam Regen+ Dex+2}
   (You found it on level 6 of the Lair of Beasts)

   It affects your dexterity (+2).
   It causes magical contamination when unequipped.
   It increases your rate of regeneration.
Jewellery
 b - a +5 amulet of reflection (around neck)
 n - a +2 ring of slaying (left hand)
 t - an uncursed ring of resist corrosion
 u - an uncursed ring of flight
 A - an uncursed ring of protection from fire {unknown}
 E - an uncursed ring of positive energy {unknown}
 N - an uncursed ring of poison resistance
 V - the ring of Intelotz (right hand) {rF+ rN+}
   (You found it on level 6 of the Lair of Beasts)

   [ring of positive energy]

   It protects you from fire.
   It protects you from negative energy.
Wands
 a - a wand of polymorph (16/24)
Scrolls
 g - 7 scrolls of identify
 i - 5 scrolls of teleportation
 j - 9 scrolls of remove curse
 m - 2 scrolls of fear
 p - a scroll of magic mapping
 C - a scroll of enchant armour
 D - 6 scrolls of fog
 G - 4 scrolls of recharging
Potions
 e - 3 potions of agility
 l - 4 potions of brilliance
 q - 3 potions of flight
 v - 2 potions of magic
 z - 12 potions of curing
 F - 2 potions of berserk rage
 M - 4 potions of haste
 P - a potion of might
 Q - 3 potions of ambrosia
Books
 y - a book of Changes

   Spells                             Type                      Level
   a - Beastly Appendage              Transmutation                1
   b - Sticks to Snakes               Transmutation                2
   c - Spider Form                    Transmutation/Poison         3
   d - Ice Form                       Ice/Transmutation            4
   e - Blade Hands                    Transmutation                5
Comestibles
 c - 16 bread rations
 k - 17 meat rations
 r - 17 royal jellies
 s - 6 chunks of flesh
 S - 9 fruits


   Skills:
 + Level 10.2 Fighting
 + Level 13.9 Axes
 + Level 1.2 Throwing
 * Level 11.7 Armour
 + Level 1.5 Dodging
 + Level 6.5 Shields
 * Level 13.2 Invocations
 + Level 1.7 Evocations


You had 14 spell levels left.
You didn't know any spells.

Dungeon Overview and Level Annotations

Branches:
Dungeon (15/15)            Temple (0/1) D:5            Lair (6/6) D:9
 Shoals (0/4) Lair:4        Snake (0/4) Lair:3        Slime (0/5) Lair:6
    Orc (2/2) D:9          Vaults (0/5) D:14         Depths (0/5) D:15
    Elf: Orc:2

Altars:
Fedhas
Makhleb
Nemelex Xobeh
Ru

Shops:
D:8 :=}}=   D:10 (   D:11 (


Innate Abilities, Weirdness & Mutations

You have hooves in place of feet.
Armour fits poorly on your strangely shaped body.
You cover ground very quickly.
You have extremely tough skin. (AC +3)
You have a pair of small antennae on your head.
You have a beak for a mouth.
You are partially covered in rugged brown scales. (AC +1, +3% HP)
You tend to lose your temper in combat.
You are very robust. (+20% HP)
You occasionally shout uncontrollably at your foes.
You are covered in fur. (AC +1)
You are weak. (Str -2)


Message History

You block the troll's attack.
The troll claws you but does no damage. x2
As you read the scroll of teleportation, it crumbles to dust.
You feel strangely unstable.
The orc warrior hits you with a dire flail.
* * * LOW HITPOINT WARNING * * *
The sun demon hits you!
* * * LOW HITPOINT WARNING * * *
You are engulfed in flames.
You resist.
* * * LOW HITPOINT WARNING * * *
The orc wizard gestures at you while chanting.
The magic dart hits you!
The soul eater draws from the surrounding life force!
* * * LOW HITPOINT WARNING * * *
The orc priest mumbles some strange prayers to Beogh against you.
Beogh smites you!
* * * LOW HITPOINT WARNING * * *
The troll bites you but does no damage. You block the troll's attack.
The troll claws you but does no damage.
The orc warrior hits you from afar with a glaive!!
You die...

..... ##.........
.....#################..........
.............[....#.............
........$....).............##.#.
....o.....oo[$†.#)#[......#####.
.o........o.o))†##[).[)....###..
o...o...ooo4.oo)######.[).##.<..
§...o....T.oooooo###............
....$......o3o3@).###...).......
..............T.....###.........
......o.........#....##.........
....$oo$.........$..####....<..#
..........#..........# ##....###
............## ##.###
.#.......#.## ### .........


You could see 3 orc knights, a soul eater, a sun demon, 2 trolls, 2 orc
sorcerers, a red devil, 4 orc warriors, an orc priest, an orc wizard and 6 orcs.

Vanquished Creatures
  A fire giant (D:15)
  The ghost of Moto the Marksminotaur, a journeyman MiHu (D:12)
  A fire dragon (D:15)
  A vault guard (D:14)
  The ghost of jesusflecha the Cleaver, a journeyman GrFi of Makhleb (Orc:1)
  Harold (Lair:3)
  A catoblepas (Lair:6)
  Erica (Orc:1)
  3 centaur warriors
  4 death yaks (D:8)
  5 two-headed ogres
  A tengu warrior (D:15)
  2 orc high priests (Orc:2)
  4 unseen horrors
  4 lindwurms (Lair:6)
  A necromancer (D:14)
  2 orc knights
  3 wizards (D:14)
  5 orc sorcerers
  15 ugly things
  4 deep elf magi
  2 cyclopes
  A manticore (D:15)
  An oklob plant (Lair:6)
  3 elephants (Lair:5)
  Maurice (D:8)
  4 black mambas
  12 spiny frogs
  A gargoyle (D:11)
  A torpor snail (Lair:3)
  5 komodo dragons
  A kobold demonologist (D:15)
  4 rime drakes
  A freezing wraith (D:14)
  A tengu conjurer (D:14)
  A jumping spider (shapeshifter) (D:15)
  10 trolls
  6 polar bears (Lair:6)
  4 hornets
  A snapping turtle (Lair:4)
  A harpy skeleton (D:15)
  Grinder (D:6)
  6 dream sheep (Lair:6)
  5 slime creatures
  8 blink frogs
  6 hippogriffs
  11 spriggans
  2 shadows (D:12)
  3 wyverns
  3 fire bats (Lair:6)
  5 wraiths (D:14)
  38 yaks
  5 basilisks
  3 hogs (D:10)
  A fire elemental (Lair:6)
  21 humans
  4 vampire mosquitoes (D:15)
  A soldier ant (D:15)
  An acid dragon (D:11)
  22 water moccasins
  3 porcupines
  9 black bears
  19 orc warriors
  2 eyes of draining
  A hornet zombie (D:13)
  3 ice beasts
  2 sky beasts
  3 phantoms
  9 ogres
  31 wolves
  5 boggarts (Lair:6)
  7 centaurs
  25 crocodiles
  12 big kobolds
  Blork the orc (D:5)
  16 bullfrogs
  A gnoll sergeant (D:7)
  A wyvern zombie (D:14)
  3 scorpions
  A water moccasin skeleton (D:7)
  5 killer bees (D:9)
  20 wights
  4 electric eels
  A crimson imp (D:11)
  3 centaur zombies
  7 hounds
  3 bullfrog skeletons
  A centaur skeleton (D:7)
  4 jellies
  19 orc priests
  28 orc wizards
  8 iguanas
  Natasha (twice) (D:2)
  6 worker ants
  2 hound skeletons (D:10)
  A hound zombie (D:6)
  A howler monkey zombie (D:4)
  Robin (D:2)
  13 gnolls
  A howler monkey skeleton (D:7)
  18 adders
  2 shadow imps (D:15)
  2 worms
  A dart slug (D:3)
  17 leopard geckos
  106 orcs
  3 ball pythons
  3 giant cockroaches
  8 goblins
  13 hobgoblins
  8 jackals
  28 kobolds
  2 quokkas
  9 bats
  13 frilled lizards
  9 rats
  4 fungi
  2 plants (D:7)
800 creatures vanquished.

Vanquished Creatures (others)
  4 hydras
  The ghost of Moto the Basher, a novice MiBe of Trog (D:8)
  A death knight (D:14)
  A death yak (D:9)
  An unseen horror (D:8)
  A rime drake (Lair:5)
  An orc wizard (D:15)
  A kobold (D:13)
  16 fungi
  A lurking horror (Abyss:2)
  4 plants
  4 starspawn tentacles (Abyss:2)
36 creatures vanquished.

Grand Total: 836 creatures vanquished

Notes
Turn   | Place    | Note
-------+----------+-------------------------------------------
     0 | Abyss:1  | Gargoyl the Centaur Abyssal Knight began the quest for the Orb.
     0 | Abyss:1  | Reached XP level 1. HP: 19/19 MP: 2/2
    57 | Abyss:2  | Noticed a spatial maelstrom
    65 | Abyss:2  | Noticed a tormentor
    68 | Abyss:2  | Noticed a spatial vortex
    68 | Abyss:2  | Noticed a starcursed mass
    70 | Abyss:2  | Noticed a spatial vortex
    71 | Abyss:2  | Noticed an eye of draining
    74 | Abyss:2  | Noticed an iron imp
    76 | Abyss:2  | Noticed an ancient zyme
    78 | Abyss:2  | Noticed a red devil
    90 | Abyss:2  | Noticed a tentacled starspawn
    92 | Abyss:2  | Noticed a small abomination
    92 | Abyss:2  | Noticed a tentacled starspawn
    94 | Abyss:2  | Noticed a spatial vortex
    97 | Abyss:2  | Noticed a spatial vortex
   108 | Abyss:2  | Noticed a spatial vortex
   110 | Abyss:2  | Noticed a spatial vortex
   114 | Abyss:2  | Noticed a spatial vortex
   114 | Abyss:2  | Noticed a spatial vortex
   115 | Abyss:2  | Noticed a tentacled starspawn
   116 | Abyss:2  | Noticed a spatial vortex
   117 | Abyss:2  | Noticed a spatial vortex
   117 | Abyss:2  | Noticed a worldbinder
   119 | Abyss:2  | Noticed a black mamba
   119 | Abyss:2  | Noticed a mana viper
   120 | Abyss:2  | Noticed a spatial vortex
   196 | Abyss:2  | Noticed a chaos spawn
   211 | D:1      | Escaped the Abyss
   553 | D:1      | Reached XP level 2. HP: 23/26 MP: 3/3
   856 | D:1      | Reached * piety under Lugonu
  1457 | D:2      | Noticed Natasha
  1468 | D:2      | Noticed a crimson imp
  1480 | D:2      | Killed Natasha
  1480 | D:2      | Reached XP level 3. HP: 31/31 MP: 4/4
  1736 | D:2      | Noticed Natasha
  1738 | D:2      | Killed Natasha
  1738 | D:2      | Reached skill level 1 in Dodging
  1738 | D:2      | Reached XP level 4. HP: 33/38 MP: 6/6
  2055 | D:2      | Noticed Robin
  2246 | D:2      | Killed Robin
  2352 | D:2      | Reached ** piety under Lugonu
  3043 | D:3      | Reached XP level 5. HP: 44/45 MP: 7/7
  4148 | D:4      | Reached XP level 6. HP: 49/52 MP: 8/8
  4860 | D:5      | Entered Level 5 of the Dungeon
  5071 | D:5      | Noticed Blork the orc
  5079 | D:5      | Killed Blork the orc
  5079 | D:5      | Reached XP level 7. HP: 40/59 MP: 9/9
  5211 | D:5      | Found a staircase to the Ecumenical Temple.
  5674 | D:6      | Gained mutation: You are robust. (+10% HP) [potion of mutation]
  5674 | D:6      | Gained mutation: Your muscles are strong. (Str +2) [potion of mutation]
  5674 | D:6      | Gained mutation: You are very robust. (+20% HP) [potion of mutation]
  5683 | D:6      | Reached skill level 1 in Shields
  5831 | D:6      | Noticed Grinder
  5836 | D:6      | Reached *** piety under Lugonu
  5855 | D:6      | Paralysed by Grinder for 5 turns
  5864 | D:6      | Killed Grinder
  6089 | D:5      | Reached XP level 8. HP: 32/80 MP: 11/11
  6321 | D:6      | Reached skill level 5 in Invocations
  6863 | D:6      | Reached skill level 5 in Axes
  7188 | D:7      | Reached **** piety under Lugonu
  7250 | D:7      | Reached skill level 5 in Armour
  7344 | D:7      | Killed an unseen horror
  7344 | D:7      | Reached XP level 9. HP: 27/87 MP: 13/13
  8169 | D:7      | Reached skill level 5 in Fighting
  8766 | D:8      | Found Jyrhur's Book Emporium.
  8807 | D:8      | Found Zeqyud's Jewellery Boutique.
  8814 | D:8      | Bought a +3 ring of dexterity for 219 gold pieces
  8822 | D:8      | Noticed Maurice
  8850 | D:8      | Killed Maurice
  8926 | D:8      | Noticed Moto's ghost (novice MiBe)
  8939 | D:8      | Banished Moto's ghost
  8939 | D:8      | Reached skill level 1 in Evocations
  8939 | D:8      | Reached XP level 10. HP: 45/97 MP: 15/15
  9273 | D:8      | Found Oniq's Gadget Emporium.
  9277 | D:8      | Found a blossoming altar of Fedhas.
  9446 | D:8      | Found Hyhamos's Jewellery Emporium.
  9512 | D:8      | Found Ehik Hyv's Gadget Boutique.
  9682 | D:8      | Banished an unseen horror
  9874 | D:9      | Noticed a death yak
  9878 | D:9      | Noticed a death yak
  9880 | D:9      | Noticed a death yak
  9882 | D:9      | Noticed a death yak
 10159 | D:8      | Killed a death yak
 10165 | D:8      | Killed a death yak
 10425 | D:9      | Noticed a death yak
 10454 | D:8      | Killed a death yak
 10464 | D:8      | Killed a death yak
 10831 | D:9      | Found a staircase to the Lair.
 10858 | D:10     | Entered Level 10 of the Dungeon
 11531 | D:10     | Reached XP level 11. HP: 106/106 MP: 17/17
 11907 | D:10     | Found Nuthraud's Antique Weapon Shop.
 13164 | D:9      | Banished a death yak
 13178 | D:9      | Identified the Tome of the Gliding Glacier
 13188 | D:9      | Found a staircase to the Orcish Mines.
 13854 | Lair:1   | Entered Level 1 of the Lair of Beasts
 16386 | Lair:2   | Reached skill level 10 in Axes
 17136 | Lair:2   | Reached skill level 1 in Throwing
 17214 | Lair:3   | Reached XP level 12. HP: 98/116 MP: 19/19
 17320 | Lair:2   | HP: 6/120 [poisoned by a water moccasin]
 17326 | Lair:2   | HP: 5/120 [poisoned by a water moccasin]
 17334 | Lair:2   | HP: 5/120 [poisoned by a water moccasin]
 17342 | Lair:2   | HP: 6/120 [poisoned by a water moccasin]
 17749 | Lair:3   | Found a staircase to the Snake Pit.
 17899 | Lair:3   | Identified Jeta's Volume of the Destructive Rocks
 18219 | Lair:3   | Noticed Harold
 18235 | Lair:3   | Killed Harold
 18235 | Lair:3   | Reached skill level 10 in Invocations
 18488 | Lair:3   | Reached ***** piety under Lugonu
 19878 | Lair:4   | Noticed a four-headed hydra
 19883 | Lair:4   | Banished a four-headed hydra
 20394 | Lair:4   | Found a staircase to the Shoals.
 21812 | Lair:5   | Reached XP level 13. HP: 113/128 MP: 21/21
 22326 | Lair:6   | Entered Level 6 of the Lair of Beasts
 22352 | Lair:6   | Found a staircase to the Slime Pits.
 22909 | Lair:6   | Reached skill level 10 in Armour
 24012 | Lair:6   | Reached skill level 5 in Shields
 24912 | Lair:6   | Got a serpentine silver ring
 25532 | Lair:5   | Identified the ring of Intelotz {rF+ rN+} (You found it on level 6 of the Lair of Beasts)
 27321 | Lair:6   | Paralysed by a hornet for 3 turns
 28231 | Lair:6   | Got a blackened crystal plate armour
 28242 | Lair:6   | Identified the cursed +1 crystal plate armour "Neefuit" {*Contam Regen+ Dex+2} (You found it on level 6 of the Lair of Beasts)
 28524 | D:10     | Reached XP level 14. HP: 139/139 MP: 22/22
 28682 | D:10     | Reached ****** piety under Lugonu
 29504 | D:11     | Found Guges's Antique Weapon Boutique.
 29510 | D:11     | Bought a shimmering battleaxe for 310 gold pieces
 29515 | D:11     | Identified the +5 battleaxe of the Median {antimagic, rPois rF- rN+} (You bought it in a shop on level 11 of the Dungeon)
 30277 | D:12     | Noticed Moto's ghost (journeyman MiHu)
 30330 | D:12     | Killed Moto's ghost
 31835 | D:14     | Got a transparent war axe
 31836 | D:14     | Identified the +6 war axe of Embarrassment {chop, rC+ Dex+3} (You found it on level 14 of the Dungeon)
 32260 | D:14     | Found a gate to the Vaults.
 32366 | D:14     | Found a sparkling altar of Nemelex Xobeh.
 32398 | D:14     | Gained mutation: Your natural rate of healing is unusually fast. [mutagenic meat]
 32399 | D:14     | Gained mutation: Your flesh is cold resistant. (rC+) [mutagenic meat]
 32400 | D:14     | Gained mutation: You are extremely robust. (+30% HP) [mutagenic meat]
 32401 | D:14     | Gained mutation: You are somewhat resistant to further mutation. [mutagenic meat]
 32405 | D:14     | Gained mutation: You are covered in fur. (AC +1) [mutagenic meat]
 32676 | D:14     | Found a sacrificial altar of Ru.
 32997 | D:15     | Entered Level 15 of the Dungeon
 33073 | D:15     | Found a burning altar of Makhleb.
 33116 | D:15     | Reached XP level 15. HP: 132/163 MP: 24/24
 33192 | D:15     | Gained mutation: You tend to lose your temper in combat. [mutagenic meat]
 33193 | D:15     | Gained mutation: You have a pair of small antennae on your head. [mutagenic meat]
 33194 | D:15     | Lost mutation: You are extremely robust. (+30% HP) [potion of mutation]
 33194 | D:15     | Lost mutation: Your muscles are strong. (Str +2) [potion of mutation]
 33194 | D:15     | Lost mutation: You tend to lose your temper in combat. [potion of mutation]
 33194 | D:15     | Lost mutation: Your natural rate of healing is unusually fast. [potion of mutation]
 33195 | D:15     | Lost mutation: You are somewhat resistant to further mutation. [potion of mutation]
 33195 | D:15     | Lost mutation: Your flesh is cold resistant. (rC+) [potion of mutation]
 33195 | D:15     | Gained mutation: You tend to lose your temper in combat. [potion of mutation]
 33195 | D:15     | Gained mutation: You are weak. (Str -2) [potion of mutation]
 33195 | D:15     | Gained mutation: You have a beak for a mouth. [potion of mutation]
 33562 | D:15     | Found a staircase to the Depths.
 33564 | D:15     | Noticed a fire giant
 33577 | D:15     | Reached skill level 10 in Fighting
 33716 | D:15     | Killed a fire giant
 33993 | D:15     | Gained mutation: You occasionally shout uncontrollably at your foes. [mutagenic meat]
 33994 | D:15     | Gained mutation: You are partially covered in rugged brown scales. (AC +1, +3% HP) [mutagenic meat]
 34276 | Orc:1    | Entered Level 1 of the Orcish Mines
 34340 | Orc:2    | Entered Level 2 of the Orcish Mines
 34532 | Orc:1    | Noticed jesusflecha's ghost (journeyman GrFi)
 34546 | Orc:1    | Killed jesusflecha's ghost
 34813 | Orc:1    | Noticed Erica
 34824 | Orc:1    | Killed Erica
 35014 | Orc:2    | Paralysed by an orc sorcerer for 3 turns
 35119 | Orc:2    | Mangled by an orc warrior

Skill      XL: |  1  2  3  4  5  6  7  8  9 10 11 12 13 14 15 |
---------------+----------------------------------------------+-----
Axes           | 2 3 4 6 7 8 10 11 12 13 | 13.9
Armour         | 2 3 4 5 6 7 8 9 10 11 | 11.7
Dodging        | 1 |  1.5
Invocations    | 3 4 6 7 8 9 10 11 12 13 | 13.2
Fighting       | 4 5 6 7 8 9 10 | 10.2
Shields        | 1 2 3 4 5 6 |  6.5
Evocations     | 1 |  1.7
Throwing       | 1 |  1.2

Action                   |  1- 3 |  4- 6 |  7- 9 | 10-12 | 13-15 || total
-------------------------+-------+-------+-------+-------+-------++-------
Melee: Hand axe          |    88 |   198 |    12 |   336 |   313 ||   947
       Kick              |     7 |    43 |    87 |   320 |   486 ||   943
       War axe           |       |       |   260 |   593 |  1048 ||  1901
       Peck              |       |       |       |       |    50 ||    50
Throw: Tomahawk          |       |       |     3 |    16 |     3 ||    22
       Javelin           |       |       |       |     3 |     6 ||     9
Invok: Depart the Abyss  |     1 |       |       |       |       ||     1
       Bend Space        |       |       |     1 |     2 |     1 ||     4
       Banish            |       |       |       |    19 |     7 ||    26
Evoke: Wand              |       |       |    16 |     5 |       ||    21
  Use: Potion            |     6 |       |     1 |     5 |     7 ||    19
       Scroll            |     3 |     6 |    14 |     9 |    15 ||    47
  Eat: Chunk             |     2 |     8 |     7 |    33 |    54 ||   104
       Bread ration      |       |       |     1 |     1 |     1 ||     3
       Meat ration       |       |       |       |     1 |       ||     1
Armor: Leather armour    |     9 |       |       |       |       ||     9
       Plate armour      |    26 |   179 |   236 |   642 |   501 ||  1584
       Skin              |    13 |       |       |       |       ||    13
       Ring mail         |     6 |       |       |       |       ||     6
       Crystal plate arm |       |       |       |       |   632 ||   632
Dodge: Dodged            |    19 |    14 |    92 |   194 |   185 ||   504
Block: Buckler           |    11 |    63 |   110 |   353 |   675 ||  1212
       Reflection        |       |     3 |       |     5 |    23 ||    31
